 Dungeon Crawl Stone Soup version 0.20.0-15-g7f486f2 (webtiles) character file.

796 greprep the Cudgeler (level 7, -3/64 HPs)
             Began as a Deep Dwarf Fighter on June 23, 2017.
             Slain by an ogre
             ... wielding a +0 giant club
              (16 damage)
             ... on level 5 of the Dungeon.
             The game lasted 00:06:34 (3548 turns).

greprep the Cudgeler (Deep Dwarf Fighter)           Turns: 3548, Time: 00:06:34

Health: -3/64      AC:  9    Str: 24    XL:     7   Next: 58%
Magic:  6/6        EV: 13    Int:  9    God:
Gold:   269        SH: 10    Dex: 15    Spells: 6/6 levels left

rFire    . . .     SeeInvis +   a - +0 flail
rCold    . . .     Gourm    .   c - +0 shield
rNeg     . . .     Faith    .   B - +1 robe of the Present {+Blink rPois Dex+3 SInv}
rPois    +         Spirit   .   o - +2 helmet
rElec    .         Reflect  .   (no cloak)
rCorr    .         Harm     .   (no gloves)
MR       +....                  (no boots)
Stlth    +.........             (no amulet)
Regen    0.0/turn               e - +3 ring of protection
MPRegen  0.1/turn               n - +3 ring of strength

@: non-regenerating
A: damage resistance, heal wounds, sense surroundings 1, no regeneration
a: Heal Wounds, Evoke Blink


You were on level 5 of the Dungeon.
You were not hungry.

You visited 1 branch of the dungeon, and saw 5 of its levels.

You collected 269 gold pieces.

Inventory:

Hand Weapons
 a - a +0 flail (weapon)
Armour
 b - a +0 scale mail
 c - a +0 shield (worn)
 o - a +2 helmet (worn)
 B - the +1 robe of the Present (worn) {+Blink rPois Dex+3 SInv}
   (You found it on level 4 of the Dungeon)

   It affects your dexterity (+3).
   It protects you from poison.
   It lets you see invisible.
   It lets you blink.
Jewellery
 e - a +3 ring of protection (left hand)
 n - a +3 ring of strength (right hand)
 t - an uncursed ring of resist corrosion
Wands
 w - a wand of lightning (7/15)
 x - a wand of paralysis (5/24)
 E - a wand of random effects (19/48)
Scrolls
 h - a scroll of random uselessness {unknown}
 i - 2 scrolls of recharging {unknown}
 l - 3 scrolls of identify {unknown}
 m - 2 scrolls of blinking {unknown}
 r - 2 scrolls of enchant armour {unknown}
 v - a scroll of fear {unknown}
 y - a scroll of enchant weapon {unknown}
 z - a scroll of teleportation {unknown}
 A - a scroll of magic mapping {unknown}
 C - 2 scrolls of immolation {unknown}
Potions
 d - 2 potions of might
 g - a potion of mutation {unknown}
 k - a potion of agility {unknown}
 q - a potion of flight {unknown}
 s - a potion of ambrosia {unknown}
 u - 4 potions of curing {unknown}
 D - 3 potions of brilliance {unknown}
 F - a potion of degeneration {unknown}
Comestibles
 f - 6 bread rations
 j - 2 royal jellies
 p - 3 fruits
 G - 7 chunks of flesh


   Skills:
 + Level 4.0 Fighting
 + Level 5.7 Maces & Flails
 + Level 3.6 Armour
 * Level 4.8 Dodging
 + Level 4.6 Shields


You had 6 spell levels left.
You didn't know any spells.

Dungeon Overview and Level Annotations

Branches:
Dungeon (5/15)
 Temple: D:4-7

Altars:
Ashenzari
Trog


Innate Abilities, Weirdness & Mutations

You are resistant to damage.
You can heal yourself by infusing magical energy.
You passively map a small area around you.
You do not regenerate.


Message History

You closely miss the crimson imp.
The crimson imp is severely wounded.
You block the crimson imp's attack.
You hit the crimson imp but do no damage.
The crimson imp is severely wounded.
You block the crimson imp's attack.
The crimson imp hits you but does no damage.
You miss the crimson imp.
The crimson imp is heavily wounded.
You block the crimson imp's attack.
You hit the crimson imp.
The crimson imp is almost dead.
The crimson imp blinks!
You hit the ogre but do no damage. The ogre barely misses you.
The crimson imp spits at you.
The crimson imp blinks!
The ogre hits you with a giant club!!
* * * LOW HITPOINT WARNING * * *
You fail to use your ability.
The ogre hits you with a giant club!!
You die...

.....>#
#####.#########
...........>..# ***# *
#####.......... ,,.# ,
..###..######.# * .# *
* #......# #.# #.##
#####.## #.###...## **
#..# #.##.....###,
#.## #..O@....... #.#
#5##.....### ####.#
#.###...##
.....########5# *#.##
##............####.# *
#........#..........,,
, *
#.#..####...###.###.#*
.###.#* ##.## .# .# ,
## ##. #.# ,# , *


You could see an ogre and a crimson imp.

Vanquished Creatures
  A sky beast (D:5)
  An ogre (D:5)
  A centaur (D:5)
  A howler monkey (D:4)
  4 orc priests
  Natasha (thrice) (D:4)
  3 orc wizards
  3 worker ants (D:4)
  A hound skeleton (D:4)
  Robin (D:2)
  An adder (D:4)
  An ooze (D:4)
  An adder zombie (D:5)
  An adder skeleton (D:4)
  5 worms
  2 dart slugs
  2 leopard geckos
  11 orcs
  3 giant cockroaches
  18 goblins
  6 hobgoblins
  2 kobolds (D:3)
  A quokka (D:3)
  2 ball pythons
  3 bats
  3 frilled lizards
  A quokka skeleton (D:4)
  8 rats
90 creatures vanquished.

Notes
Turn   | Place    | Note
-------+----------+-------------------------------------------
     0 | D:1      | greprep the Deep Dwarf Fighter began the quest for the Orb.
     0 | D:1      | Reached XP level 1. HP: 20/20 MP: 1/1
   434 | D:1      | Reached XP level 2. HP: 27/27 MP: 2/2
   521 | D:2      | Found a shattered altar of Ashenzari.
   543 | D:2      | Noticed Robin
   555 | D:2      | Reached skill level 1 in Dodging
   580 | D:2      | Killed Robin
   580 | D:2      | Reached XP level 3. HP: 19/33 MP: 3/3
  1551 | D:3      | Found a faded altar of an unknown god.
  2242 | D:4      | Noticed Natasha
  2246 | D:4      | Reached skill level 3 in Maces & Flails
  2256 | D:4      | Killed Natasha
  2256 | D:4      | Reached XP level 4. HP: 35/42 MP: 4/4
  2377 | D:4      | Got a silken robe
  2388 | D:4      | Identified the +1 robe of the Present {+Blink rPois Dex+3 SInv} (You found it on level 4 of the Dungeon)
  2519 | D:4      | Reached XP level 5. HP: 30/49 MP: 5/5
  2527 | D:4      | Noticed a moth of wrath
  2529 | D:4      | Found a bloodstained altar of Trog.
  2699 | D:4      | Reached skill level 4 in Maces & Flails
  2753 | D:4      | Reached XP level 6. HP: 36/56 MP: 5/5
  2846 | D:4      | Noticed Natasha
  2850 | D:4      | Killed Natasha
  3047 | D:4      | Noticed Natasha
  3052 | D:4      | Killed Natasha
  3207 | D:5      | Entered Level 5 of the Dungeon
  3363 | D:5      | Reached skill level 5 in Maces & Flails
  3363 | D:5      | Reached XP level 7. HP: 25/63 MP: 6/6
  3548 | D:5      | Slain by an ogre

Skill      XL: |  1  2  3  4  5  6  7 |
---------------+----------------------+-----
Dodging        | 1 2 3 4 |  4.8
Fighting       | 3 4 |  4.0
Maces & Flails | 3 4 5 |  5.7
Shields        | 4 |  4.6
Armour         | |  3.6

Action                   |  1- 3 |  4- 6 |  7- 9 || total
-------------------------+-------+-------+-------++-------
Melee: Flail             |   139 |   194 |    50 ||   383
 Abil: Heal Wounds       |     1 |     2 |     1 ||     4
  Use: Potion            |       |       |     1 ||     1
  Eat: Chunk             |     3 |     4 |     2 ||     9
Armor: Scale mail        |    63 |    11 |       ||    74
       Robe              |       |    47 |    12 ||    59
Dodge: Dodged            |    37 |    58 |    16 ||   111
Block: Shield            |    75 |    80 |    22 ||   177
